 Dungeon Crawl Stone Soup version 0.25.1-2-g60ff931df9 (webtiles) character file.

Game seed: 1914983623530014300

12068 DearestLeader the Reanimator (level 11, 0/93 HPs)
             Began as a Deep Dwarf Necromancer on Sept 9, 2020.
             Was a Priest of Makhleb.
             Slain by a six-headed hydra (9 damage)
             ... while paralysed
             ... on level 1 of the Lair of Beasts.
             The game lasted 01:05:43 (12448 turns).

DearestLeader the Reanimator (DDNe)                Turns: 12448, Time: 01:05:44

Health: 0/93       AC: 12    Str: 17    XL:     11   Next: 57%
Magic:  18/24 (15) EV:  2    Int: 20    God:    Makhleb [***...]
Gold:   586        SH:  0    Dex: 13    Spells: 3/16 levels left

rFire    . . .     SeeInvis +   L - +2 whip (flame)
rCold    . . .     Gourm    .   I - +0 buckler
rNeg     . . .     Faith    .   F - +0 ring mail
rPois    .         Spirit   .   N - +0 hat {SInv}
rElec    .         Reflect  .   f - +0 cloak (curse)
rCorr    .         Harm     .   o - +1 pair of gloves
MR       +....                  E - +1 pair of boots
Stlth    +.........             (no amulet)
HPRegen  0.00/turn              b - ring of magical power
MPRegen  0.19/turn              p - +6 ring of strength

@: paralysed, berserk cooldown, non-regenerating, slowed
A: damage resistance, heal wounds, sense surroundings 2, no regeneration
a: Heal Wounds, Minor Destruction, Lesser Servant of Makhleb, Renounce Religion


You were on level 1 of the Lair of Beasts.
You worshipped Makhleb.
Makhleb was most pleased with you.
You were hungry.

You visited 2 branches of the dungeon, and saw 11 of its levels.
You also visited: Sewer.

You collected 586 gold pieces.

Inventory:

Hand Weapons
 u - a +0 battleaxe
 K - a +4 dire flail
 L - a +2 whip of flaming (weapon)
 M - a +4 quarterstaff of chaos
Armour
 a - a +0 chain mail
 f - a cursed +0 cloak (worn)
 n - a +0 plate armour
 o - a +1 pair of gloves (worn)
 E - a +1 pair of boots (worn)
 F - a +0 ring mail (worn)
 H - a +0 scale mail
 I - a +0 buckler (worn)
 N - a +0 hat of see invisible (worn)
 U - a +0 helmet
Jewellery
 b - a ring of magical power (left hand)
 h - a +6 ring of strength
 p - a +6 ring of strength (right hand)
 P - a +6 ring of dexterity
 Q - an uncursed ring of wizardry
 W - an uncursed ring of poison resistance {unknown}
Wands
 q - a wand of digging (8)
 s - a wand of paralysis (7)
 v - a wand of flame (18)
 O - a wand of iceblast (6)
 R - a wand of acid (9)
Scrolls
 j - 3 scrolls of remove curse
 k - 2 scrolls of teleportation
 l - a scroll of random uselessness {unknown}
 r - 4 scrolls of enchant armour
 w - a scroll of blinking {unknown}
 y - 2 scrolls of amnesia
 D - 4 scrolls of enchant weapon
 G - 2 scrolls of magic mapping {unknown}
 S - 2 scrolls of fog {unknown}
 T - a scroll of fear {unknown}
 V - a scroll of summoning {unknown}
 X - 2 scrolls of acquirement {unknown}
 Y - a scroll of identify
Potions
 e - 4 potions of heal wounds
 g - 8 potions of brilliance
 i - a potion of resistance {unknown}
 m - 2 potions of mutation
 t - a potion of haste {unknown}
 x - 2 potions of stabbing {unknown}
 z - 7 potions of curing
 A - 2 potions of flight {unknown}
 B - a potion of might {unknown}
 C - a potion of ambrosia {unknown}
 J - a potion of degeneration {unknown}
Miscellaneous
 Z - a phantom mirror
Comestibles
 c - 21 rations


   Skills:
 + Level 4.7 Fighting
 * Level 9.2(9.5) Axes
 - Level 3.4(6.4) Maces & Flails
 + Level 7.6 Armour
 + Level 8.1 Dodging
 - Level 2.4 Stealth
 - Level 4.1 Shields
 - Level 3.0 Spellcasting
 * Level 12.0 Necromancy


You had 3 spell levels left.
You knew the following spells:

 Your Spells              Type           Power        Failure   Level  Hunger
a - Pain                  Necr           ####         1%          1    None
b - Vampiric Draining     Necr           ######....   1%          3    ###....
c - Animate Dead          Necr           N/A          1%          4    ####...
d - Agony                 Necr           ######..     4%          5    ######.

Your spell library contained the following spells:

 Spells                   Type           Power        Failure   Level  Hunger
 Animate Skeleton         Necr           N/A          1%          1    None
 Beastly Appendage        Tmut           #.....       24%         1    None
 Freeze                   Ice            #...         24%         1    None
 Sandblast                Erth           #.....       24%         1    None
 Passwall                 Tmut/Erth      #.......     34%         2    ##.....
 Sticks to Snakes         Tmut           #.......     34%         2    ##.....
 Frozen Ramparts          Ice            #.....       56%         3    ###....
 Ozocubu's Armour         Chrm/Ice       #.......     56%         3    ###....
 Spider Form              Tmut/Pois      #.........   56%         3    ###....
 Stone Arrow              Conj/Erth      #.....       56%         3    ###....
 Hailstorm                Conj/Ice       #.......     93%         4    ####...
 Ice Form                 Ice/Tmut       #.......     93%         4    ####...
 Petrify                  Tmut/Erth      #.......     93%         4    ####...
 Summon Ice Beast         Ice/Summ       #.......     93%         4    ####...
 Blade Hands              Tmut           #.........   100%        5    ######.
 Lee's Rapid Deconstruct  Erth           #.........   100%        5    ######.


Dungeon Overview and Level Annotations

Branches:
Dungeon (10/15)            Temple (0/1) D:6            Lair (1/6) D:10
  Sewer (visited)
    Orc: D:9-12

Altars:
Ashenzari
Elyvilon
Fedhas
Gozag
Kikubaaqudgha
Makhleb
Qazlal
Ru
Sif Muna
Trog
Uskayaw
Vehumet

Shops:
D:10 :

Annotations:
Lair:1 1 runed translucent door, kalodont's ghost, journeyman KoEn


Innate Abilities, Weirdness & Mutations

You are resistant to damage.
You can heal yourself by infusing magical energy.
You passively map the area around you.
You do not regenerate.


Message History

You feel a strong urge to attack something.
You block the orange demon's attack.
The six-headed hydra bites you but does no damage. x3
The six-headed hydra bites you!
* * * LOW HITPOINT WARNING * * *
You block the six-headed hydra's attack. x2
The orange demon closely misses you.
You feel your anger nearly subside.
You are no longer berserk.
You pass out from exhaustion.
You feel yourself slow down.
The orange demon stings you but does no damage.
The six-headed hydra bites you but does no damage.
The six-headed hydra bites you.
The six-headed hydra bites you but does no damage.
The six-headed hydra bites you!
* * * LOW HITPOINT WARNING * * *
The six-headed hydra bites you but does no damage.
The six-headed hydra bites you!
You die...

#P..# ###..### #
###.## ##.## # #...#
#..# ###.## ##.##
####..##### ###..#
#.........####...##
#..............#..#
##..#.........4..##
#.##..#....@D...#
##*#.............#*
#...............#
***#..............#..#
, .#......[....P###..#
* * ,..#..........###
##.. , * * .........##
. * * ,.......#.# , *
,, * * , ,


You could see a six-headed hydra and an orange demon (summoned).

Vanquished Creatures
  Gastronok (D:8)
  Erolcha (D:10)
  A two-headed ogre (D:10)
  2 unseen horrors (D:10)
  Pikel (D:7)
  Joseph (D:10)
  2 spiny frogs (Lair:1)
  A komodo dragon (D:10)
  Grinder (D:3)
  A hornet (D:8)
  2 hippogriffs
  Sigmund (D:6)
  A spriggan (D:8)
  3 yaks (D:7)
  Grum (D:8)
  A hungry ghost (D:9)
  An eye of draining (D:10)
  3 sky beasts
  A black bear (D:5)
  3 ice beasts
  A phantom (D:6)
  2 wolves (D:8)
  5 ogres
  2 centaurs (D:6)
  Blork the orc (D:5)
  2 big kobolds (Sewer)
  4 bullfrogs
  7 killer bees
  5 scorpions
  7 wights
  3 howler monkeys
  2 crimson imps
  2 bullfrog zombies
  A bullfrog skeleton (D:5)
  6 hounds
  2 jellies
  Crazy Yiuf (D:7)
  2 orc priests (D:7)
  3 orc wizards
  Natasha (thrice) (D:4)
  2 iguanas
  Ijyb (D:5)
  6 worker ants
  3 howler monkey zombies
  5 gnolls
  A worker ant zombie (D:7)
  11 adders
  7 river rats (Sewer)
  A shadow imp (D:10)
  An ooze (D:1)
  4 adder zombies
  4 worms
  7 leopard geckos
  7 orcs
  15 bats
  7 giant cockroaches
  4 goblins
  7 hobgoblins
  16 kobolds
  4 quokkas
  8 ball pythons
  7 frilled lizards
  A quokka skeleton (D:9)
  25 rats
244 creatures vanquished.

Vanquished Creatures (collateral kills)
  A two-headed ogre (D:9)
  A water moccasin (Lair:1)
  An ice beast (D:8)
  A wolf (D:8)
  An ogre (D:6)
  A gnoll sergeant (D:8)
  2 howler monkeys
  A hound (D:8)
  A bullfrog skeleton (D:8)
  An orc wizard (D:7)
  4 gnolls
  A shadow imp (D:8)
  An orc (D:7)
  A leopard gecko skeleton (D:8)
18 creatures vanquished.

Vanquished Creatures (others)
  4 slaves (D:7)
  A quasit (D:7)
  A plant (D:10)
6 creatures vanquished.

Grand Total: 268 creatures vanquished

Notes
Turn   | Place    | Note
-------+----------+-------------------------------------------
     0 | D:1      | DearestLeader the Deep Dwarf Necromancer began the quest
                  | for the Orb.
     0 | D:1      | Reached XP level 1. HP: 15/15 MP: 3/3
   367 | D:1      | Reached XP level 2. HP: 22/22 MP: 0/5
   559 | D:1      | Reached skill level 5 in Necromancy
   801 | D:1      | Reached XP level 3. HP: 28/28 MP: 4/6
  1194 | D:2      | Found an opulent altar of Gozag.
  1421 | D:2      | Learned a level 3 spell: Vampiric Draining
  1425 | D:2      | Found a white marble altar of Elyvilon.
  1506 | D:2      | Reached skill level 1 in Armour
  1835 | D:2      | Reached XP level 4. HP: 36/36 MP: 7/7
  1901 | D:2      | Found a burning altar of Makhleb.
  1901 | D:2      | Found a radiant altar of Vehumet.
  1916 | D:2      | Became a worshipper of Makhleb the Destroyer
  2386 | D:3      | Found a shimmering blue altar of Sif Muna.
  2435 | D:3      | Found an ancient bone altar of Kikubaaqudgha.
  2554 | D:3      | Found a glowing drain.
  2590 | Sewer    | Entered a sewer
  2615 | Sewer    | Reached XP level 5. HP: 42/42 MP: 8/8
  2703 | Sewer    | Reached skill level 1 in Maces & Flails
  2703 | Sewer    | Reached skill level 6 in Necromancy
  2801 | Sewer    | Reached * piety under Makhleb
  2870 | Sewer    | Reached XP level 6. HP: 46/49 MP: 5/9
  3397 | Sewer    | Reached ** piety under Makhleb
  3892 | D:3      | Noticed Grinder
  3992 | D:3      | Paralysed by Grinder for 5 turns
  4017 | D:3      | Paralysed by Grinder for 5 turns
  4038 | D:3      | Paralysed by Grinder for 7 turns
  4084 | D:3      | Paralysed by Grinder for 6 turns
  4098 | D:3      | Killed Grinder
  4098 | D:3      | Reached skill level 7 in Necromancy
  4098 | D:3      | Reached XP level 7. HP: 21/55 MP: 10/10
  4461 | D:4      | Noticed Natasha
  4467 | D:4      | Killed Natasha
  4494 | D:4      | Noticed Natasha
  4502 | D:4      | Killed Natasha
  4508 | D:4      | Noticed Natasha
  4513 | D:4      | Killed Natasha
  4892 | D:4      | Found a stormy altar of Qazlal.
  5132 | D:5      | Entered Level 5 of the Dungeon
  5136 | D:5      | Reached XP level 8. HP: 62/62 MP: 11/11
  5139 | D:5      | Noticed Ijyb
  5145 | D:5      | Killed Ijyb
  5155 | D:4      | Reached skill level 5 in Dodging
  5189 | D:5      | Reached skill level 8 in Necromancy
  5290 | D:5      | Reached skill level 1 in Axes
  5429 | D:5      | Noticed Blork the orc
  5439 | D:5      | Killed Blork the orc
  5806 | D:5      | Found a blossoming altar of Fedhas.
  5862 | D:6      | Reached *** piety under Makhleb
  5938 | D:6      | Reached skill level 1 in Shields
  6391 | D:6      | Noticed Sigmund
  6412 | D:6      | Reached skill level 9 in Necromancy
  6422 | D:6      | Killed Sigmund
  6422 | D:6      | Gained mutation: You passively map the area around you.
                  | [Deep Dwarf growth]
  6422 | D:6      | Reached XP level 9. HP: 63/68 MP: 7/13
  6544 | D:6      | Found a staircase to the Ecumenical Temple.
  6828 | D:7      | Reached skill level 5 in Armour
  6962 | D:7      | Noticed Pikel
  6984 | D:7      | Reached skill level 1 in Fighting
  7004 | D:7      | Killed Pikel
  7004 | D:7      | Reached skill level 5 in Axes
  7187 | D:7      | Reached skill level 10 in Necromancy
  7203 | D:7      | Learned a level 4 spell: Animate Dead
  7434 | D:7      | Found a bloodstained altar of Trog.
  7445 | D:7      | Found a runed translucent door.
  7446 | D:7      | Noticed Crazy Yiuf
  7550 | D:7      | Paralysed by Crazy Yiuf for 2 turns
  7555 | D:7      | Killed Crazy Yiuf
  7694 | D:7      | Found a hide-covered altar of Uskayaw.
  7774 | D:7      | Reached XP level 10. HP: 81/81 MP: 5/14
  8252 | D:8      | Paralysed by a hornet for 1 turns
  8530 | D:8      | Reached **** piety under Makhleb
  8591 | D:8      | Noticed Grum
  8633 | D:8      | Noticed Gastronok
  9035 | D:8      | Killed Grum
  9061 | D:8      | Killed Gastronok
  9061 | D:8      | Reached skill level 11 in Necromancy
  9579 | D:9      | Noticed a two-headed ogre
  9728 | D:9      | Found a shattered altar of Ashenzari.
  9916 | D:9      | Killed a two-headed ogre
  9916 | D:9      | Reached XP level 11. HP: 84/92 MP: 10/15
 10128 | D:9      | Found a sacrificial altar of Ru.
 10347 | D:10     | Entered Level 10 of the Dungeon
 10547 | D:10     | Noticed a two-headed ogre
 10561 | D:10     | Killed a two-headed ogre
 10725 | D:10     | Noticed an unseen horror
 10735 | D:10     | Killed an unseen horror
 10819 | D:10     | Noticed Erolcha
 10899 | D:10     | Learned a level 5 spell: Agony
 10936 | D:10     | Killed Erolcha
 11070 | D:10     | Noticed Joseph
 11083 | D:10     | Killed Joseph
 11207 | D:10     | Found a staircase to the Lair.
 11400 | D:10     | Found Bonuew's Book Boutique.
 11813 | D:10     | Noticed an unseen horror
 11826 | D:10     | Killed an unseen horror
 11840 | Lair:1   | Entered Level 1 of the Lair of Beasts
 11966 | Lair:1   | Reached skill level 12 in Necromancy
 12179 | Lair:1   | Found a runed translucent door.
 12179 | Lair:1   | Noticed kalodont's ghost (journeyman KoEn)
 12397 | Lair:1   | Noticed a six-headed hydra
 12448 | Lair:1   | Slain by a six-headed hydra

Illustrated notes

Levels and vault maps discovered:
D:1:      lemuel_arrival_river_ford, layout_loops_ring, minmay_3d_cube
D:2:      layout_basic, gammafunk_temple_overflow_elements, marbit_many_paths,
          grunt_gozag_statues
D:3:      layout_basic, kiku_gazebo_pond_becter, old_standard_altar,
          gup_sewer_entry_glass, uniq_grinder
D:4:      layout_rooms, nicolae_overflow_hidden_temple, uniq_natasha
D:5:      layout_rooms, kennysheep_little_box, first_ration, uniq_ijyb,
          uniq_blork_the_orc
D:6:      layout_rooms, minmay_temple_entry_hall, uniq_sigmund
D:7:      layout_cave_pools, nicolae_overflow_crystal_walls,
          lemuel_crystal_altar, uniq_pikel, uniq_crazy_yiuf_cottage
D:8:      layout_gridville, grunt_pizzeria, uniq_grum, uniq_gastronok
D:9:      layout_big_octagon, kennysheep_mini_moat, nicolae_ru_path_of_blood
D:10:     layout_basic, david_lair_shrubbed, serial_shops, shop, uniq_joseph,
          uniq_erolcha
Lair:1:   layout_cave_pods, gammafunk_ghost_grave

Skill      XL: |  1  2  3  4  5  6  7  8  9 10 11 |
---------------+----------------------------------+-----
Spellcasting   | 2 3 |  3.0
Necromancy     | 5 6 7 9 10 11 12 | 12.0
Armour         | 1 2 3 4 5 6 7 |  7.6
Dodging        | 3 4 5 6 7 8 |  8.1
Maces & Flails | 1 2 3 |  3.4
Axes           | 3 5 8 9 |  9.2
Shields        | 3 4 |  4.1
Fighting       | 2 4 |  4.7
Stealth        | |  2.4

Action                   |  1- 3 |  4- 6 |  7- 9 | 10-12 || total
-------------------------+-------+-------+-------+-------++-------
Melee: Club              |     4 |       |       |       ||     4
       Short sword       |     4 |       |       |       ||     4
       Whip              |       |    89 |    96 |   244 ||   429
       War axe           |       |       |   144 |       ||   144
 Cast: Pain              |    78 |   126 |   191 |   140 ||   535
       Vampiric Draining |       |     6 |    43 |    78 ||   127
       Animate Dead      |       |       |     2 |     6 ||     8
       Agony             |       |       |       |     6 ||     6
Invok: Lesser Servant of |       |       |     1 |     7 ||     8
  Use: Scroll            |     4 |     2 |     2 |     9 ||    17
       Potion            |       |     3 |       |     2 ||     5
 Stab: Sleeping          |       |     1 |       |       ||     1
       Distracted        |       |       |     1 |     2 ||     3
  Eat: Chunk             |     4 |     7 |    16 |    17 ||    44
       Ration            |       |     1 |       |     3 ||     4
Armor: Robe              |     5 |       |       |       ||     5
       Leather armour    |       |    39 |     3 |       ||    42
       Skin              |       |    25 |       |       ||    25
       Ring mail         |       |       |   128 |   171 ||   299
Dodge: Dodged            |    12 |    72 |   233 |   282 ||   599
Block: Buckler           |       |       |    64 |    91 ||   155
